Cogmind - Beta 13 @@@ ROGUE MODE // 2024.04.02 @ 17:15:37 Player: Some Pennies Result: Self-destructed Performance ------------- Evolutions (2) 1000 Regions Visited (4) 800 Robots Destroyed (53) 265 Value Destroyed (1056) 1056 Prototype IDs (8) 160 Alien Tech Used (0) 0 Bonus (96) 96 TOTAL SCORE: 3377 Bonus ------- High Alert Combat Kills 30 Follower Combat Kills 66 Cogmind --------- Core Integrity 267/550 Matter 299/300 Energy 48/100 System Corruption 0% Temperature Cool (0) Movement Flying (35) Location -8/Materials Parts ------- > --- POWER (1) -------- (None) > --- PROPULSION (4) --- Improved VTOL Module > --- UTILITY (4) ------ Improved Targeting Computer > --- WEAPON (2) ------- (None) > --- INVENTORY (5) ---- Light Ion Engine Airjet Airjet Peak State ------------ > --- POWER ------------ Light Nuclear Core > --- PROPULSION ------- Improved VTOL Module Improved VTOL Module Improved VTOL Module Improved VTOL Module > --- UTILITY ---------- Improved Targeting Computer Improved Targeting Computer ECM Suite Shield Generator > --- WEAPON ----------- Beam Rifle Light Assault Rifle > --- INVENTORY -------- Light Ion Engine Airjet Airjet Improved Signal Interpreter [Rating: 30] Favorites ----------- Power Light Ion Engine Engine Light Ion Engine Power Core Light Nuclear Core Propulsion Light Treads Treads Light Treads Leg Aluminum Leg Flight Unit Flight Unit Utility Targeting Computer Device Improved Terrain Scanner Storage Small Storage Unit Processor Targeting Computer Protection Propulsion Shielding Weapon Light Assault Rifle Energy Gun Beam Rifle Ballistic Gun Light Assault Rifle Special Weapon Mining Laser Special Melee Weapon Datajack Build | -11 -10 -10 -9 -8 ------- Run | Yrd Mat Min Mat Mat Slots Evolved 4 | . . . 2 2 Power . | . . . . . Propulsion 2 | . . . 1 1 Utility 2 | . . . 1 1 Weapon . | . . . . . Parts Attached 62 | 12 10 10 17 13 Power 10 | 1 1 2 2 4 Engine 9 | 1 1 2 2 3 Core 1 | . . . . 1 Reactor . | . . . . . Propulsion 16 | 2 2 5 6 1 Treads 2 | 2 . . . . Leg 2 | . 2 . . . Wheel . | . . . . . Hover . | . . . . . Flight 12 | . . 5 6 1 Utility 20 | 5 5 1 6 3 Device 13 | 4 3 1 3 2 Storage 1 | 1 . . . . Processor 5 | . 1 . 3 1 Hackware . | . . . . . Protection 1 | . 1 . . . Artifact . | . . . . . Weapon 16 | 4 2 2 3 5 Energy Gun 3 | . . . 1 2 Energy Cannon . | . . . . . Ballistic Gun 11 | 3 1 2 2 3 Ballistic Cannon . | . . . . . Launcher . | . . . . . Special Weapon 1 | 1 . . . . Impact Weapon . | . . . . . Slashing Weapon . | . . . . . Piercing Weapon . | . . . . . Special Melee Weapon 1 | . 1 . . . Unidentified Prototypes 2 | . . . 2 . Parts Lost 18 | . 1 3 1 13 Power 1 | . . . . 1 Propulsion 6 | . . 2 1 3 Utility 5 | . . 1 . 4 Weapon 6 | . 1 . . 5 Highest Loss Streak 10 | . 1 2 1 10 To Critical Strikes . | . . . . . Average Slot Usage (%) 96 | . 99 89 99 84 Engine 12 | . 14 14 11 3 Treads 7 | . 13 . . . Leg 9 | . 14 2 . . Flight 12 | . . 23 32 32 Device 7 | . 10 2 . 7 Processor 16 | . 13 14 32 19 Protection 3 | . 3 5 . . Energy Gun 1 | . . . 8 7 Ballistic Gun 23 | . 27 26 13 8 Naked Turns . | . . . . . Heaviest Build 13 | 10 8 8 11 13 Greatest Support 40 | 40 40 20 18 20 Greatest Overweight (x) 2 | 1 . 2 1 . Average Overweight (x) . | . . . . . Largest Inventory Capacity 8 | 8 5 5 5 5 Average Capacity 5 | 5 5 5 5 5 Most Carried 8 | 8 5 5 5 5 Average Carried 4 | 5 4 4 4 3 Final Capacity 5 | 5 5 5 5 5 Final Carried 5 | 5 5 5 5 3 Class Distribution -------------------- 73% | Mutant 18% | Scavenger-Mutant 4% | Sprinter 3% | Scavenger-Sprinter Dominant Class ---------------- Mutant | -10/Materials Scavenger-Mutant | -10/Mines Scavenger-Mutant | -9/Materials Sprinter | -8/Materials Resources | -11 -10 -10 -9 -8 ----------- Run | Yrd Mat Min Mat Mat Matter Collected 1313 | 381 325 157 223 227 Remotely . | . . . . . Salvage Created 1818 | 168 446 238 448 518 Parts 140 | 19 36 20 38 27 Haulers Intercepted 5 | . 1 . 3 1 Recyclers Shooed 2 | 2 . . . . Parts Field Recycled . | . . . . . Retrieved Matter . | . . . . . Parts Self-Destructed . | . . . . . Prevented . | . . . . . Kills | -11 -10 -10 -9 -8 ------- Run | Yrd Mat Min Mat Mat Combat Hostiles Destroyed 31 | . 10 9 5 7 Guns 31 | . 10 9 5 7 Classes Destroyed 10 | 3 4 . 2 1 Worker 3 | 1 2 . . . Tunneler 5 | 5 . . . . Hauler 5 | . 1 . 3 1 Recycler 3 | 1 . . . 2 Operator 1 | . . . 1 . Watcher 5 | . 2 . 2 1 Swarmer 12 | . 3 6 . 3 Grunt 15 | . 7 3 3 2 Sentry 3 | . . . 2 1 Hunter 1 | . . . . 1 Best Kill Streak 9 | 2 3 3 7 9 Combat Bots Only 6 | . 3 3 2 6 Max Kills in Single Turn 2 | 1 2 1 1 1 Gunslinging 1 | . 1 . . . Exploded . | . . . . . Melee . | . . . . . Uniques/NPCs Destroyed . | . . . . . Combat | -11 -10 -10 -9 -8 -------- Run | Yrd Mat Min Mat Mat Hostile Shots Fired 255 | . 57 80 36 82 Missed 100 | . 13 36 15 36 Damage Taken 2001 | . 430 426 240 905 Core 530 | . 55 133 59 283 Absorbed by Shields 97 | . . . . 97 Redirected to Shielding 51 | . 21 30 . . Core Remaining (%) 69 | 100 . 24 85 . Volleys Fired 309 | 67 115 43 32 52 Largest 2 | 2 2 2 2 2 Hottest 100 | 100 40 40 79 79 Shots Fired 545 | 103 220 72 64 86 Gun 514 | 72 220 72 64 86 Cannon . | . . . . . Launcher . | . . . . . Special 31 | 31 . . . . Kinetic 452 | 72 220 72 38 50 Thermal 93 | 31 . . 26 36 Explosive . | . . . . . Electromagnetic . | . . . . . Robot Hit Streak 18 | 9 8 8 18 15 Robot Miss Streak 6 | 3 6 3 3 3 Penetration Max . | . . . . . Secondary Targets 3 | . 1 . 1 1 Max Gunslinging Chain 1 | . 1 . 1 1 Shots Hit Robots 330 | 47 133 48 46 56 Core Hits 116 | 15 41 22 16 22 Critical Kills 1 | . . . 1 . Critical Parts Destroyed 4 | 2 . . 1 1 Critical Strikes 11 | 2 . . 3 6 Burn 6 | . . . 1 5 Destroy 5 | 2 . . 2 1 Melee Attacks 2 | . 2 . . . Impact . | . . . . . Slashing . | . . . . . Piercing . | . . . . . Sneak Attacks . | . . . . . Combat Hostiles . | . . . . . Follow-up Attacks . | . . . . . Damage Inflicted 3182 | 361 1123 382 641 675 Guns 3179 | 361 1120 382 641 675 Cannons . | . . . . . Explosions . | . . . . . Melee . | . . . . . Ramming 3 | . 3 . . . Kinetic 2545 | 361 1120 382 370 312 Thermal 634 | . . . 271 363 Explosive . | . . . . . Electromagnetic . | . . . . . Impact . | . . . . . Slashing . | . . . . . Piercing . | . . . . . Highest Corruption 1 | . . . 1 . Average Corruption 1 | . . . 1 . Corruption Purged . | . . . . . Corruption Blocked . | . . . . . Effects 2 | . . . 2 . Matter Fused 2 | . . . 2 . Overload Shots . | . . . . . Overflow Damage . | . . . . . Projectiles . | . . . . . Explosions . | . . . . . Melee . | . . . . . Knockbacks . | . . . . . Impact . | . . . . . Kinetic . | . . . . . Secondary . | . . . . . Self-Inflicted Damage . | . . . . . Shots . | . . . . . Rammed . | . . . . . Targets Rammed 1 | . 1 . . . Kicked 1 | . 1 . . . Crushed . | . . . . . Highest Temperature 261 | 124 18 31 180 261 Average Temperature 65 | 49 10 8 41 130 Received Heat Transfer 456 | . 156 111 135 54 Effects 1 | . . . . 1 Energy Bleed 1 | . . . . 1 Siege Activations . | . . . . . Robots Corrupted . | . . . . . Combat Hostiles . | . . . . . Parts Fried . | . . . . . Impact Corruptions . | . . . . . Robots Melted . | . . . . . Combat Hostiles . | . . . . . Parts Melted 1 | . . . . 1 Heat Transferred 2072 | . . . 777 1295 Parts Sabotaged . | . . . . . Parts Stolen . | . . . . . Parts Stripped . | . . . . . Power Chain Reactions . | . . . . . Alert | -11 -10 -10 -9 -8 ------- Run | Yrd Mat Min Mat Mat Peak Influence 573 | 30 155 271 573 430 Initial 241 | . 3 21 105 241 Average 114 | 9 62 171 330 344 Maximum Alert Level 2 | . . 1 2 2 Low Security (%) 80 | 100 100 71 26 . Level 1 13 | . . 28 31 74 Level 2 6 | . . . 42 25 Level 3 . | . . . . . Level 4 . | . . . . . Level 5 . | . . . . . High Security . | . . . . . Max Security . | . . . . . Squads Dispatched 9 | . 2 1 5 1 Investigation 4 | . 1 . 3 . Extermination . | . . . . . Reinforcement 4 | . 1 . 2 1 Assault 1 | . . 1 . . Garrison . | . . . . . Intercept . | . . . . . Searches Triggered . | . . . . . Construction Impeded . | . . . . . Haulers Reinforced . | . . . . . Active Scanning Responses . | . . . . . Cargo Convoy Interrupts . | . . . . . Stealth | -11 -10 -10 -9 -8 --------- Run | Yrd Mat Min Mat Mat Distress Signals 4 | . 1 . 2 1 Communications Jammed . | . . . . . Distress Signals . | . . . . . Times Spotted 73 | . 27 12 22 12 Peak Tracking Total 9 | . 4 4 9 3 Tactical Retreats 7 | . . 3 3 1 Traps | -11 -10 -10 -9 -8 ------- Run | Yrd Mat Min Mat Mat Traps Triggered 1 | . . . 1 . Indirectly . | . . . . . Trap Hack Attempts . | . . . . . Triggered . | . . . . . Disarmed 5 | . . . 5 . Reprogrammed . | . . . . . Reused . | . . . . . Traps Extracted . | . . . . . Installed . | . . . . . Triggered . | . . . . . Machines | -11 -10 -10 -9 -8 ---------- Run | Yrd Mat Min Mat Mat Machines Disabled . | . . . . . Max in Single Turn . | . . . . . Machines Repaired . | . . . . . Machines Dismantled . | . . . . . Machines Sabotaged . | . . . . . Overloaded Fab Kills . | . . . . . Hacking | -11 -10 -10 -9 -8 --------- Run | Yrd Mat Min Mat Mat Machines Accessed 10 | . 4 1 4 1 Terminals 9 | . 4 . 4 1 Fabricators . | . . . . . Repair Stations . | . . . . . Recycling Units . | . . . . . Scanalyzers . | . . . . . Garrison Access . | . . . . . Total Hacks 27 | . 10 1 13 3 Successful 12 | . 6 1 4 1 Failed 15 | . 4 . 9 2 Catastrophic 5 | . . . 4 1 Database Lockouts . | . . . . . Manual 6 | . 2 . 2 2 Terminals 26 | . 10 . 13 3 Fabricators . | . . . . . Repair Stations . | . . . . . Recycling Units . | . . . . . Scanalyzers . | . . . . . Garrison Access . | . . . . . Terminal Hacks 12 | . 6 1 4 1 Prototype ID Bank 4 | . 3 . . 1 Open Door 1 | . . 1 . . Emergency Access Points 1 | . . . 1 . Recycling Unit Index 1 | . 1 . . . Locate Traps 2 | . 1 . 1 . Disarm Traps 1 | . . . 1 . Hauler Manifests 1 | . 1 . . . Zone Layout 1 | . . . 1 . Fabricator Hacks . | . . . . . Repair Station Hacks . | . . . . . Recycling Unit Hacks . | . . . . . Scanalyzer . | . . . . . Garrison Access Hacks . | . . . . . Unauthorized Hacks . | . . . . . Terminals . | . . . . . Fabricators . | . . . . . Repair Stations . | . . . . . Recycling Units . | . . . . . Scanalyzers . | . . . . . Garrison Access . | . . . . . Data Cores Recovered . | . . . . . Used . | . . . . . Hacking Detections 8 | . 3 . 4 1 Full Trace Events 4 | . 1 . 3 . Feedback Events . | . . . . . Feedback Blocked . | . . . . . Robot Schematics Acquired . | . . . . . Robots Built . | . . . . . Authchips . | . . . . . Time . | . . . . . Total Robot Build Rating . | . . . . . Part Schematics Acquired . | . . . . . Parts Built . | . . . . . Authchips . | . . . . . Time . | . . . . . Total Part Build Rating . | . . . . . Parts Repaired . | . . . . . Time . | . . . . . Parts Recycled . | . . . . . Recycled Matter . | . . . . . Retrieved Matter . | . . . . . Retrieved Components . | . . . . . Parts Scanalyzed . | . . . . . Part Schematics Acquired . | . . . . . Parts Damaged . | . . . . . Bothacking | -11 -10 -10 -9 -8 ------------ Run | Yrd Mat Min Mat Mat Used RIF Installer . | . . . . . Robots Hacked 1 | . 1 . . . Non-combat 1 | . 1 . . . Combat . | . . . . . Robot Hacks Applied 1 | . 1 . . . parse_system 1 | . 1 . . . Relay Couplers Released . | . . . . . Fabnet Peak Effective % . | . . . . . Robots Rewired . | . . . . . Allies Hacked . | . . . . . Hacks Repelled . | . . . . . Allies | -11 -10 -10 -9 -8 -------- Run | Yrd Mat Min Mat Mat Total Allies 1 | . . 1 . . Largest Group 1 | . . 1 1 . Highest-Rated Group 31 | . . 31 31 . Highest-Rated Ally 31 | . . 31 31 . Total Orders . | . . . . . Ally Attacks 12 | . . . 12 . Total Damage 143 | . . . 143 . Kills 3 | . . . 3 . Allies Corrupted . | . . . . . Allies Melted . | . . . . . Intel | -11 -10 -10 -9 -8 ------- Run | Yrd Mat Min Mat Mat Robot Analysis Total . | . . . . . Derelict Logs Recovered 2 | . . 2 . . Drone Launches . | . . . . . Drone Recoveries . | . . . . . Exploration | -11 -10 -10 -9 -8 ------------- Run | Yrd Mat Min Mat Mat Turns Passed 2873 | 702 1270 359 300 242 Spaces Moved 2171 | 278 698 538 492 165 Core 21 | 20 . 1 . . Treads 536 | 258 278 . . . Legs 425 | . 420 5 . . Wheels . | . . . . . Hover . | . . . . . Flight 1189 | . . 532 492 165 Fastest Speed 26 | 50 120 37 29 26 Average Speed 83 | 152 135 41 34 26 Slowest Speed 160 | 160 160 150 117 32 Overloaded Moves . | . . . . . Propulsion Burnouts . | . . . . . Robots Hopped 2 | . . 1 1 . Cave-ins Triggered . | . . . . . Exploration Rate (%) 43 | 13 63 85 40 15 Regions Visited 4 Branch Regions 1 Pre-discovered Areas 2 | . . 2 . . Known Exits Taken . | . . . . . Unknown Exits Taken 4 | 1 1 1 1 . Scrap Searched . | . . . . . Spaces Dug 16 | 16 . . . . Terrain Destroyed 17 | 17 . . . . Melee . | . . . . . Projectile 17 | 17 . . . . AOE . | . . . . . Terrain Rammed . | . . . . . Walls Destroyed . | . . . . . Machines Disabled . | . . . . . Actions | -11 -10 -10 -9 -8 --------- Run | Yrd Mat Min Mat Mat Total 2707 | 407 841 617 562 280 Wait 83 | 32 1 8 1 41 Move 2163 | 277 697 535 489 165 Hop 2 | . . 1 1 . Pick Up 44 | 14 7 9 8 6 Fast Attach 12 | 1 1 4 5 1 Attach 19 | 6 1 2 4 6 Detach . | . . . . . Swap 31 | 5 8 4 8 6 Drop 41 | 5 8 11 14 3 Fire 309 | 67 115 43 32 52 Melee 2 | . 2 . . . Ram . | . . . . . Kick 1 | . 1 . . . Crush . | . . . . . Escape Stasis . | . . . . . Rewire . | . . . . . Trap . | . . . . . Miscellaneous . | . . . . . Route ------- -11/Scrapyard -10/Materials (discovered 3 exits: *Mat x2 / *Min) -10/Mines -9/Materials (discovered 2 exits: *Mat / [*Min]) -8/Materials (discovered 1 exit: [*Fac]) History --------- Turn | Location | Event 9 | -11/Scrapyard | Discovered new exit (range 14) 703 | -11/Scrapyard | Entered Materials 704 | -10/Materials | Build established: Mutant 900 | -10/Materials | Discovered new exit (range 9) 1487 | -10/Materials | Discovered new exit (range 16) 1858 | -10/Materials | Discovered new exit (range 7) 1973 | -10/Materials | Entered Mines 2044 | -10/Mines | Learned location of Storage (-9) 2119 | -10/Mines | Core integrity fell below 50% 2157 | -10/Mines | Learned Materials terminal intel 2183 | -10/Mines | Found the Drone Emporium 2185 | -10/Mines | Found Prototype Device 2281 | -10/Mines | Discovered new exit (range 6) 2283 | -10/Mines | Met a Derelict testing a Signal Generator 2332 | -10/Mines | Entered Materials 2332 | -9/Materials | Accompanied by 1 ally 2332 | -9/Materials | Evolved 2 slots: Propulsion x1, Utility x1 2333 | -9/Materials | Loaded intel: 12 terminal locations 2333 | -9/Materials | Identified Bomb Drone Bay 2473 | -9/Materials | Discovered new exit (range 8) 2583 | -9/Materials | Build established: Scavenger-Mutant 2614 | -9/Materials | Discovered new exit (range 5) 2632 | -9/Materials | Entered another Materials area 2632 | -8/Materials | Evolved 2 slots: Propulsion x1, Utility x1 2792 | -8/Materials | Discovered new exit (range 16) 2874 | -8/Materials | Self-destructed Last Messages --------------- Hvy. Assault Rifle destroyed. Knocked back. Penetrated by Slug. H-55 Commando suffers critical hit (Burn). Penetrated by Slug. Lgt. Nuclear Core destroyed. Shield Generator destroyed. H-55 Commando suffers critical hit (Burn). Slug penetrates Wall. Beam Rifle destroyed. Imp. Signal Interpreter destroyed. Critical hit (Blast). Knocked back. K-01 Serf collects debris. Penetrated by Slug. Slug penetrates Wall. K-01 Serf collects debris. H-55 Commando heat short circuits Carbon-fiber Leg. Penetrated by Slug. Map ----- +----------------------------------------------------+ | ???????????????????????????????????????????#=#? | | ??????????????????????????#????????????????#[## | | ??????????????????????????? ???????????????# =* | | ??????????????????????????#? ??????????????#= # | | ??????????????????????????# ????????????## [# | | ????????????????????????### ##+######### % # | | ?????????????????????? ]!%!=% *+ | | ????????????????????????# ## ]!! *# | | ???????????????????? ??????????# ! # | | ???????????????????? ??????????# % | | ???????????????????? ??????????# | | ???????????????????? ??????????# """ "" | | ???????????????????? ??????????# """ "" | | ???????????????????? ??????????# """ """ | | ???????????????????? ???########+## | | ???????????????????? #??# T # | | ???????????????+##+?# #??# # #"Y" | | ?????????????# ?# #??# """"""" # %#""" | | ?????????????# """ ?# #??# """"""" # ##?? | | ????????????## "R ?# #??# """"""" # #??? | | ????????????# """ # #??# """"""" # #??? | | ?????????????# # #??# """"""" + #? | | ?????????????# # #??# # #? | | ????????+###;##;;;;;# #########+#### #? | | ????# H % |%*=% | | ????# < h @=!=% | | ????# t %%%%!= k | | ????####/######+#;#####;;####/####### ####### | | ??????????????? ??????###?? ???????? #?????? | | ??????????????# ???????????""?????????? #?????? | | ??????????????#???????????#""?????????????????? | | ??????????????????????????#"??????????????????? | | ??????????????????????????? ??????????????????? | | ??????????????????????????????????????????????? | | ??????????????????????????????????????????????? | | ??????????????????????????????????????????????? | | ??????????????????????????????????????????????? | | ??????????????????????????????????????????????? | | ??????????????????????????????????????????????? | | ??????????????????????????????????????????????? | | ??????????????????????????????????????????????? | | ??????????????????????????????????????????????? | | ??????????????????????????????????????????????? | | ??????????????????????????????????????????????? | | ??????????????????????????????????????????????? | | ??????????????????????????????????????????????? | | ??????????????????????????????????????????????? | | ??????????????????????????????????????????????? | | ??????????????????????????????????????????????? | | ??????????????????????????????????????????????? | +----------------------------------------------------+ Best States ------------- Heat Dissipation 42 Energy Generation 14 Energy Capacity 265 Matter Stores 300 Matter Capacity 300 Sight Range 16 Robot Scan Range 14 Terrain Scan Range 16 Terrain Scan Density 10 ECM Strength 1 Propulsion Shielding 33 Evasion (%) 64 Targeting Accuracy 17 Recoil Reduction 2 Item Schematics ----------------- None Robot Schematics ------------------ None Fabricated ------------ Nothing Alien Tech Used ----------------- None Achievements -------------- Party Time Challenges ------------ None Game ------ Seed GhostAccelerationNanosword Manual? 0 Play Time 00:39:28 Cumulative 5.6 hours Start 2024.04.02 @ 16:19:16 End 2024.04.02 @ 17:15:37 Sessions 1 Manual Loads 0 Difficulty Rogue Special Mode None Game No. 7 Rogue 2 Adventurer 5 Explorer 0 Win Type - Total 0 Types 0/0/0/0/0/0/0/0/0 Lore% 8 Gallery% 13 Achievement% 10 Wizard Run 0 Options --------- Layout 1 ASCII 0 Keyboard 0 Movement Mouse Keybinds 0 Fullscreen 2 Font 24/Smallcaps Map View 50x35 Zoom Use 0% Tactical HUD 0 Map Filters NONE Filters NONE Steam 1 RUN: c0209c8b-2d8c-4473-9bf1-f858fb93318e